 Dungeon Crawl Stone Soup version 0.24.0-10-g970556be89 (webtiles) character file.

Game seed: 2663547606138840351, levelgen mode: deterministic

26 Donthurtboomboom the Grave Robber (level 3, -2/22 HPs)
             Began as a Halfling Necromancer on Nov 4, 2019.
             Slain by a worm (5 damage)
             ... on level 2 of the Dungeon.
             The game lasted 00:05:00 (2004 turns).

Donthurtboomboom the Grave Robber (HaNe)            Turns: 2004, Time: 00:05:01

Health: -2/22      AC:  2    Str: 10    XL:     3   Next: 22%
Magic:  5/5        EV: 12    Int: 13    God:
Gold:   95         SH:  0    Dex: 14    Spells: 4/5 levels left

rFire    . . .     SeeInvis .   b - +0 mace (curse)
rCold    . . .     Gourm    .   (shield restricted)
rNeg     . . .     Faith    .   a - +0 robe
rPois    .         Spirit   .   (no helmet)
rElec    .         Reflect  .   (no cloak)
rCorr    .         Harm     .   (no gloves)
MR       .....                  (no boots)
Stlth    ++........             (no amulet)
HPRegen  0.07/turn              (no ring)
MPRegen  0.09/turn              (no ring)

@: constricted
A: small, mutation resistance 1
a: no special abilities


You were on level 2 of the Dungeon.
You were not hungry.

You visited 1 branch of the dungeon, and saw 2 of its levels.

You collected 95 gold pieces.

Inventory:

Hand Weapons
 b - a cursed +0 mace (weapon)
Armour
 a - a +0 robe (worn)
Scrolls
 d - a scroll of remove curse {unknown}
 e - a scroll of identify {unknown}
Comestibles
 c - a ration


   Skills:
 + Level 0.5 Fighting
 + Level 0.5 Maces & Flails
 + Level 2.3 Dodging
 + Level 2.7 Stealth
 + Level 1.6 Spellcasting
 + Level 3.5 Necromancy


You had 4 spell levels left.
You knew the following spells:

 Your Spells              Type           Power        Failure   Level  Hunger
a - Pain                  Necr           ##..         6%          1    ##.....

Your spell library contained the following spells:

 Spells                   Type           Power        Failure   Level  Hunger
 Animate Skeleton         Necr           N/A          6%          1    ##.....
 Vampiric Draining        Necr           ##........   19%         3    ####...
 Regeneration             Chrm/Necr      #.........   36%         3    ####...
 Animate Dead             Necr           N/A          52%         4    #####..


Dungeon Overview and Level Annotations

Branches:
Dungeon (2/15)

Altars:


Innate Abilities, Weirdness & Mutations

You are small and have problems with some larger weapons.
You are somewhat resistant to further mutation.


Message History

The frilled lizard bites you. The frilled lizard bites you.
You closely miss the frilled lizard. The frilled lizard misses you.
The ball python bites you. The ball python closely misses you.
The worm bites you.
* * * LOW HITPOINT WARNING * * *
You sock the frilled lizard!
You kill the frilled lizard!
The ball python completely misses you. The ball python closely misses you.
The worm bites you.
* * * LOW HITPOINT WARNING * * *
The ball python barely misses you. The ball python misses you.
The ball python closely misses you. The ball python completely misses you.
There is a stone staircase leading down here.
You can't go up here!
The ball python barely misses you. The ball python grabs you.
You stop descending the stairs.
* * * LOW HITPOINT WARNING * * *
The ball python constricts you. The worm bites you.
You die...

..... .... ... ####. [..
..... #.# .... #.# #?..
### ##^##### ..# ...##
##..w...##<# . ....#
##..†@......# ... . #...
#..[.S....<##.....
..?...###.................
....#.(.#..........##.[...
........?....<.....# ....
.........$)........# ...
....#..###...[....## #. .
....# #..........# ..#...
#..........#


You could see a worm and a ball python.

Vanquished Creatures
  A dart slug (D:1)
  4 giant cockroaches
  5 goblins (D:1)
  5 bats (D:1)
  A frilled lizard (D:2)
  4 kobolds
  5 rats (D:1)
25 creatures vanquished.

Notes
Turn   | Place    | Note
-------+----------+-------------------------------------------
     0 | D:1      | Donthurtboomboom the Halfling Necromancer began the quest
                  | for the Orb.
     0 | D:1      | Reached XP level 1. HP: 11/11 MP: 3/3
   300 | D:1      | Reached XP level 2. HP: 15/17 MP: 4/4
  1506 | D:1      | Reached XP level 3. HP: 22/22 MP: 5/5
  2004 | D:2      | Slain by a worm

Levels and vault maps discovered:
D:1:      minmay_arrival_cross, layout_loops_ring,
          corexii_item_surrounded_by_moat, minmay_tripent
D:2:      layout_rooms, chequers_temple_overflow_statue_of_worship,
          nicolae_overflow_hidden_temple, minmay_misc_feat_plants,
          minmay_crystal_water, minmay_misc_feat_chi, uniq_jessica

Action                   || total
-------------------------++-------
Melee: Mace              ||    73
 Stab: Sleeping          ||     5
  Eat: Ration            ||     1
Armor: Robe              ||    22
Dodge: Dodged            ||   115
